Blues vs Ducks

Created - 30 décembre 2020 at 23:16

Goals
1 2 3 T
Blues 0 1 1 2
Ducks 2 2 2 6
Shots
1 2 3 T
Blues 12 10 9 31
Ducks 13 16 14 43

1st period

1. Ducks , Marcus Johansson 15 (Derek Forbort 5, T.J. Brodie 16) at 3:09
2. Ducks , Marcus Johansson 16 (Josh Manson 8) at 9:18

Penalties :
Colin Miller (STL) for High sticking (Minor) at 9:23

2nd period

3. Ducks , Calvin de Haan 3 (Nick Ritchie 4, Jacob de La Rose 7) at 3:05
4. Blues , Josh Bailey 9 (Sean Couturier 15, P.K. Subban 12) at 5:41
5. Ducks , Marcus Johansson 17 (Brandon Sutter 19) at 11:31

Penalties :
Dougie Hamilton (STL) for Hooking (Minor) at 5:44

3rd period

6. Blues , Dougie Hamilton 11 (Seth Jones 24, Jack Eichel 29) at 4:00 (PP)
7. Ducks , Anders Lee 7 (Derek Stepan 13) at 5:15
8. Ducks , T.J. Brodie 5 (Luke Kunin 8, Derek Forbort 6) at 15:18 (PP)

Penalties :
Calvin de Haan (ANA) for Hooking (Minor) at 2:45, P.K. Subban (STL) for High sticking (Minor) at 14:09, Johnny Gaudreau (STL) for Interference (Minor) at 15:23, Josh Manson (ANA) for Hooking (Minor) at 18:33

Goalie Stats

Carter Hart (STL), 37 saves from 43 shots - (0,860), L, 18-10-5, 60:00 minutes
Antti Raanta (ANA), 29 saves from 31 shots - (0,935), W, 7-5-2, 60:00 minutes

Players Stats for Blues

Player Name              G  A  P  +/- PIM S  H  SB GA TA FO     MP     PP MP  PK MP  
------------------------------------------------------------------------------------
Anthony Mantha           0  0  0  -3  0   0  4  0  0  0  0/1    20:26   1:24   2:36 
Christian Dvorak         0  0  0   0  0   0  0  0  0  0  2/7     9:01   0:00   0:00 
Colin Miller             0  0  0   0  2   0  1  4  0  0  0/0    14:33   0:00   0:48 
Dougie Hamilton          1  0  1  -1  2   4  2  1  0  0  0/0    24:55   1:24   2:29 
Drake Batherson          0  0  0   0  0   0  3  0  0  0  0/0     6:50   0:00   0:00 
Jack Eichel              0  1  1  -3  0   5  1  0  0  0  14/32  22:28   1:24   4:38 
Johnny Gaudreau          0  0  0  -1  2   3  1  1  0  0  1/1    16:58   1:17   0:00 
Jordan Staal             0  0  0   0  0   1  4  0  0  0  4/12   12:32   0:00   1:17 
Josh Bailey              1  0  1  -1  0   4  0  0  0  0  0/0    16:59   1:17   0:00 
MacKenzie Weegar         0  0  0   0  0   0  1  1  0  0  0/0    15:14   0:00   1:28 
Martin Necas             0  0  0   0  0   1  1  0  0  0  0/1    13:20   0:00   2:05 
Michael Chaput           0  0  0   0  0   1  0  0  0  0  0/1     7:04   0:00   0:14 
Mikko Rantanen           0  0  0  -3  0   3  2  0  0  0  1/5    19:07   1:24   1:17 
Miles Wood               0  0  0   0  0   2  2  0  0  0  0/1    11:50   0:35   0:00 
P.K. Subban              0  1  1  -3  2   2  2  2  0  0  0/0    19:36   1:17   2:56 
Ryan Pulock              0  0  0  -3  0   0  0  2  0  0  0/0    19:43   1:17   3:02 
Sean Couturier           0  1  1  -1  0   4  0  0  0  0  16/23  16:18   0:42   2:05 
Seth Jones               0  1  1  -1  0   1  0  2  0  0  0/0    25:56   1:24   3:29 

Players Stats for Ducks

Player Name              G  A  P  +/- PIM S  H  SB GA TA FO     MP     PP MP  PK MP  
------------------------------------------------------------------------------------
Anders Lee               1  0  1   0  0   4  4  1  0  0  1/2    23:45   3:33   1:37 
Artem Anisimov           0  0  0   3  0   0  2  0  0  0  1/1    17:59   3:33   0:00 
Brandon Sutter           0  1  1   3  0   3  1  0  0  0  1/1    17:59   3:33   0:00 
Brett Connolly           0  0  0   0  0   1  2  0  0  0  0/0    13:14   0:00   0:37 
Calvin de Haan           1  0  1   4  2   2  3  2  0  0  0/0    24:10   4:14   1:02 
Derek Forbort            0  2  2   1  0   0  2  1  0  0  0/0    19:51   2:52   1:21 
Derek Stepan             0  1  1   0  0   4  1  0  0  0  19/31  22:09   3:33   1:36 
Jack Roslovic            0  0  0   1  0   2  0  0  0  0  0/0     6:10   0:00   0:00 
Jacob de La Rose         0  1  1   1  0   1  1  0  0  0  4/8     9:42   0:00   0:36 
Joakim Ryan              0  0  0  -1  0   3  0  1  0  0  0/0    15:39   0:00   0:50 
Josh Manson              0  1  1   4  2   2  2  1  0  0  0/0    23:37   4:14   0:29 
Kyle Turris              0  0  0   0  0   6  0  0  0  0  7/17   13:05   0:00   0:28 
Luke Kunin               0  1  1   0  0   4  2  2  0  0  0/1    20:33   3:33   0:00 
Luke Schenn              0  0  0  -1  0   0  2  1  0  0  0/0    14:37   0:00   0:00 
Marcus Johansson         3  0  3   3  0   6  2  1  0  0  13/23  18:27   3:33   0:28 
Nick Ritchie             0  1  1   1  0   1  2  1  0  0  0/0     6:10   0:00   0:00 
T.J. Brodie              1  1  2   1  0   3  0  1  0  0  0/0    21:01   2:52   1:40 
Tyler Ennis              0  0  0   0  0   1  0  0  0  0  0/0     9:09   0:00   0:00 

3 Stars

1 - Marcus Johansson (ANA)
2 - Calvin de Haan (ANA)
3 - T.J. Brodie (ANA)

Power Play

Blues - 1 on 2 Attempt(s) - 50,00%
Ducks - 1 on 4 Attempt(s) - 25,00%

Penalty Kill

Blues - 3 on 4 Attempt(s) - 75,00% - Score 0 goal in Penalty Kill
Ducks - 1 on 2 Attempt(s) - 50,00% - Score 0 goal in Penalty Kill

Team Stat

Blues - Hits : 24 - Faceoff Wins : 38 - Blocked Shots : 13 - Penalty Minutes : 8
Ducks - Hits : 26 - Faceoff Wins : 46 - Blocked Shots : 12 - Penalty Minutes : 4

Official

Referees : Mitch Dunning and Brad Meier
Linesman : Jesse Marquis and Derek Amell

Game Notes

Marcus Johansson has scored a Hat Trick!
Tyler Ennis is injured at 1:41 of 3rd period (Bruised Left Shoulder)
Sean Couturier is injured at 12:10 of 3rd period (Sprained Left Knee)

Finance

Level 1 -- Attendance: 5772 (88,80%) -- Ticket Income 634 920 $
Level 2 -- Attendance: 4971 (99,42%) -- Ticket Income 372 825 $
Level 3 -- Attendance: 2600 (100,00%) -- Ticket Income 145 600 $
Level 4 -- Attendance: 2074 (100,00%) -- Ticket Income 82 960 $
Luxury Box -- Attendance: 988 (98,80%) -- Ticket Income 196 612 $
Game was played at the Honda Center.
Total Attendance: 16405 (95,52%)
Total Ticket Income: 1 432 917 $
Other Income: 702 129 $
Total Income: 2 135 046 $

% Time on Ice - Blues

Lines # - Real PCT - Wanted PCT - Time Play
Normal Forward
1 - 33% - 40% - 16:26
2 - 31% - 30% - 15:42
3 - 22% - 20% - 11:15
4 - 14% - 10% - 6:50
Normal Defense
1 - 36% - 40% - 18:00
2 - 31% - 30% - 15:24
3 - 27% - 20% - 13:46
4 - 6% - 10% - 3:03
PP Forward
1 - 52% - 60% - 1:24
2 - 48% - 40% - 1:17
PP Defense
1 - 52% - 60% - 1:24
2 - 48% - 40% - 1:17
PK Forward
1 - 82% - 60% - 5:49
2 - 18% - 40% - 1:17
PK Defense
1 - 57% - 60% - 4:04
2 - 43% - 40% - 3:02
PK3 Forward
1 - 0% - 60%
2 - 0% - 40%
PK3 Defense
1 - 0% - 60%
2 - 0% - 40%
44 Forward
1 - 0% - 60%
2 - 0% - 40%
44 Defense
1 - 0% - 60%
2 - 0% - 40%
Last Minute Offensive  - 0:00
Last Minute Defensive  - 0:00
Total
Forward - 60:00
Defense - 60:00

% Time on Ice - Ducks

Lines # - Real PCT - Wanted PCT - Time Play
Normal Forward
1 - 34% - 40% - 17:00
2 - 29% - 30% - 14:26
3 - 25% - 20% - 12:37
4 - 12% - 10% - 6:10
Normal Defense
1 - 34% - 40% - 17:10
2 - 33% - 30% - 16:41
3 - 29% - 20% - 14:37
4 - 3% - 10% - 1:45
PP Forward
1 - 50% - 60% - 3:33
2 - 50% - 40% - 3:33
PP Defense
1 - 60% - 60% - 4:14
2 - 40% - 40% - 2:52
PK Forward
1 - 83% - 60% - 2:13
2 - 17% - 40% - 0:28
PK Defense
1 - 57% - 60% - 1:32
2 - 43% - 40% - 1:09
PK3 Forward
1 - 0% - 60%
2 - 0% - 40%
PK3 Defense
1 - 0% - 60%
2 - 0% - 40%
44 Forward
1 - 0% - 60%
2 - 0% - 40%
44 Defense
1 - 0% - 60%
2 - 0% - 40%
Last Minute Offensive  - 0:00
Last Minute Defensive  - 0:00
Total
Forward - 60:00
Defense - 60:00

Play-by-Play

1st period


0:01 of 1st period - Mikko Rantanen wins face-off versus Derek Stepan in neutral zone.
0:22 of 1st period - Dougie Hamilton is hit by Luke Kunin.
0:25 of 1st period - Mikko Rantanen is hit by Josh Manson and loses puck.
0:40 of 1st period - Shot by Jack Eichel.
0:40 of 1st period - Shot Blocked by Luke Kunin.
0:42 of 1st period - Shot by Mikko Rantanen.
0:42 of 1st period - Stopped by Antti Raanta without a rebound.
0:43 of 1st period - Sean Couturier wins face-off versus Marcus Johansson in Ducks zone.
0:44 of 1st period - Shot by Josh Bailey.
0:44 of 1st period - Shot Misses the Net.
0:50 of 1st period - Shot by Josh Bailey.
0:50 of 1st period - Shot Blocked by Marcus Johansson.
1:06 of 1st period - Shot by Sean Couturier.
1:06 of 1st period - Stopped by Antti Raanta without a rebound.
1:07 of 1st period - Kyle Turris wins face-off versus Jordan Staal in Ducks zone.
1:37 of 1st period - Shot by Martin Necas.
1:37 of 1st period - Stopped by Antti Raanta with a rebound.
1:39 of 1st period - Shot by Miles Wood.
1:39 of 1st period - Stopped by Antti Raanta without a rebound.
1:40 of 1st period - Christian Dvorak wins face-off versus Jacob de La Rose in Ducks zone.
1:56 of 1st period - Josh Manson is hit by Drake Batherson and loses puck.
2:04 of 1st period - Icing by Calvin de Haan.
2:05 of 1st period - Sean Couturier wins face-off versus Jacob de La Rose in Ducks zone.
2:06 of 1st period - Shot by Josh Bailey.
2:06 of 1st period - Shot Misses the Net.
2:38 of 1st period - Shot by Johnny Gaudreau.
2:38 of 1st period - Stopped by Antti Raanta without a rebound.
2:39 of 1st period - Jack Eichel wins face-off versus Marcus Johansson in Ducks zone.
3:01 of 1st period - Shot by Marcus Johansson.
3:01 of 1st period - Deflect By Brandon Sutter.
3:01 of 1st period - Shot Misses the Net.
3:03 of 1st period - Shot by Brandon Sutter.
3:03 of 1st period - Shot Misses the Net.
3:09 of 1st period - Shot by Marcus Johansson.
3:09 of 1st period - Goal by Marcus Johansson - Blues : 0 - Ducks : 1.
3:10 of 1st period - Derek Stepan wins face-off versus Jordan Staal in neutral zone.
3:27 of 1st period - Shot by Derek Stepan.
3:27 of 1st period - Shot Misses the Net.
3:29 of 1st period - Shot by Derek Stepan.
3:29 of 1st period - Stopped by Carter Hart without a rebound.
3:30 of 1st period - Sean Couturier wins face-off versus Kyle Turris in Blues zone.
3:59 of 1st period - Shot by Johnny Gaudreau.
3:59 of 1st period - Stopped by Antti Raanta without a rebound.
4:00 of 1st period - Anders Lee wins face-off versus Jack Eichel in Ducks zone.
5:06 of 1st period - Icing by Josh Manson.
5:07 of 1st period - Marcus Johansson wins face-off versus Christian Dvorak in Ducks zone.
5:07 of 1st period - Marcus Johansson is hit by Drake Batherson.
5:54 of 1st period - Shot by Sean Couturier.
5:54 of 1st period - Deflect By Johnny Gaudreau.
5:54 of 1st period - Shot Misses the Net.
6:01 of 1st period - Josh Bailey is hit by Calvin de Haan.
6:15 of 1st period - Shot by Josh Bailey.
6:15 of 1st period - Stopped by Antti Raanta without a rebound.
6:16 of 1st period - Jordan Staal wins face-off versus Kyle Turris in Ducks zone.
7:01 of 1st period - Icing by Dougie Hamilton.
7:02 of 1st period - Jordan Staal wins face-off versus Derek Stepan in Blues zone.
7:34 of 1st period - Derek Stepan is hit by Dougie Hamilton and loses puck.
8:18 of 1st period - Shot by Jack Eichel.
8:18 of 1st period - Stopped by Antti Raanta without a rebound.
8:19 of 1st period - Sean Couturier wins face-off versus Marcus Johansson in Ducks zone.
8:25 of 1st period - Off-side.
8:26 of 1st period - Marcus Johansson wins face-off versus Sean Couturier in neutral zone.
8:31 of 1st period - Shot by Brandon Sutter.
8:31 of 1st period - Shot Blocked by P.K. Subban.
8:37 of 1st period - Shot by Josh Bailey.
8:37 of 1st period - Deflect By Sean Couturier.
8:37 of 1st period - Shot Misses the Net.
8:39 of 1st period - Shot by Josh Bailey.
8:39 of 1st period - Stopped by Antti Raanta without a rebound.
8:40 of 1st period - Derek Stepan wins face-off versus Jack Eichel in Ducks zone.
8:40 of 1st period - Derek Stepan is hit by Anthony Mantha.
8:58 of 1st period - Shot by Luke Kunin.
8:58 of 1st period - Stopped by Carter Hart without a rebound.
8:59 of 1st period - Sean Couturier wins face-off versus Marcus Johansson in Blues zone.
9:18 of 1st period - Shot by Marcus Johansson.
9:18 of 1st period - Goal by Marcus Johansson - Blues : 0 - Ducks : 2.
9:19 of 1st period - Derek Stepan wins face-off versus Jack Eichel in neutral zone.
9:23 of 1st period - Minor Penalty to Colin Miller for High sticking.
9:24 of 1st period - Sean Couturier wins face-off versus Derek Stepan in Blues zone.
10:29 of 1st period - Shot by T.J. Brodie.
10:29 of 1st period - Shot Misses the Net.
10:31 of 1st period - Shot by Brandon Sutter.
10:31 of 1st period - Deflect By Marcus Johansson.
10:31 of 1st period - Stopped by Carter Hart without a rebound.
10:32 of 1st period - Marcus Johansson wins face-off versus Jack Eichel in Blues zone.
10:33 of 1st period - Shot by T.J. Brodie.
10:33 of 1st period - Shot Blocked by Dougie Hamilton.
10:44 of 1st period - Shot by T.J. Brodie.
10:44 of 1st period - Shot Misses the Net.
10:46 of 1st period - Shot by Brandon Sutter.
10:46 of 1st period - Stopped by Carter Hart without a rebound.
10:47 of 1st period - Derek Stepan wins face-off versus Mikko Rantanen in Blues zone.
10:48 of 1st period - Shot by Luke Kunin.
10:48 of 1st period - Shot Misses the Net.
10:50 of 1st period - Shot by Josh Manson.
10:50 of 1st period - Shot Misses the Net.
10:52 of 1st period - Shot by Josh Manson.
10:52 of 1st period - Shot Misses the Net.
11:13 of 1st period - Derek Stepan is hit by Jack Eichel and loses puck.
11:30 of 1st period - Shot by Christian Dvorak.
11:30 of 1st period - Shot Blocked by Luke Schenn.
11:32 of 1st period - Shot by Michael Chaput.
11:32 of 1st period - Shot Blocked by Nick Ritchie.
11:34 of 1st period - Shot by Michael Chaput.
11:34 of 1st period - Shot Misses the Net.
12:29 of 1st period - Drake Batherson is hit by Artem Anisimov and loses puck.
12:52 of 1st period - Seth Jones is hit by Brandon Sutter and loses puck.
13:33 of 1st period - Shot by Kyle Turris.
13:33 of 1st period - Stopped by Carter Hart without a rebound.
13:34 of 1st period - Derek Stepan wins face-off versus Sean Couturier in Blues zone.
13:41 of 1st period - Shot by Derek Stepan.
13:41 of 1st period - Stopped by Carter Hart without a rebound.
13:42 of 1st period - Sean Couturier wins face-off versus Luke Kunin in Blues zone.
13:42 of 1st period - Sean Couturier is hit by Anders Lee.
13:57 of 1st period - Sean Couturier is hit by Luke Schenn and loses puck.
14:08 of 1st period - Icing by Sean Couturier.
14:09 of 1st period - Sean Couturier wins face-off versus Kyle Turris in Blues zone.
14:46 of 1st period - Shot by Martin Necas.
14:46 of 1st period - Shot Misses the Net.
14:48 of 1st period - Shot by Dougie Hamilton.
14:48 of 1st period - Deflect By Miles Wood.
14:48 of 1st period - Stopped by Antti Raanta without a rebound.
14:49 of 1st period - Jack Eichel wins face-off versus Derek Stepan in Ducks zone.
15:05 of 1st period - Icing by Derek Forbort.
15:06 of 1st period - Derek Stepan wins face-off versus Jordan Staal in Ducks zone.
15:25 of 1st period - Shot by Anders Lee.
15:25 of 1st period - Stopped by Carter Hart with a rebound.
15:27 of 1st period - Shot by Derek Stepan.
15:27 of 1st period - Shot Misses the Net.
15:29 of 1st period - Shot by Luke Kunin.
15:29 of 1st period - Stopped by Carter Hart with a rebound.
15:31 of 1st period - Shot by Anders Lee.
15:31 of 1st period - Deflect By Derek Stepan.
15:31 of 1st period - Shot Blocked by Colin Miller.
15:33 of 1st period - Shot by T.J. Brodie.
15:33 of 1st period - Stopped by Carter Hart without a rebound.
15:34 of 1st period - Artem Anisimov wins face-off versus Jack Eichel in Blues zone.
16:04 of 1st period - Shot by Dougie Hamilton.
16:04 of 1st period - Shot Blocked by Josh Manson.
16:06 of 1st period - Shot by Dougie Hamilton.
16:06 of 1st period - Stopped by Antti Raanta without a rebound.
16:07 of 1st period - Sean Couturier wins face-off versus Kyle Turris in Ducks zone.
17:35 of 1st period - Shot by Derek Stepan.
17:35 of 1st period - Shot Misses the Net.
17:40 of 1st period - Jordan Staal is hit by Josh Manson and loses puck.
17:53 of 1st period - Shot by Luke Kunin.
17:53 of 1st period - Deflect By Anders Lee.
17:53 of 1st period - Stopped by Carter Hart with a rebound.
18:06 of 1st period - Icing by MacKenzie Weegar.
18:07 of 1st period - Jack Eichel wins face-off versus Marcus Johansson in Blues zone.
18:36 of 1st period - Shot by Marcus Johansson.
18:36 of 1st period - Stopped by Carter Hart without a rebound.
18:37 of 1st period - Jacob de La Rose wins face-off versus Sean Couturier in Blues zone.
18:59 of 1st period - Shot by P.K. Subban.
18:59 of 1st period - Stopped by Antti Raanta without a rebound.
19:00 of 1st period - Jordan Staal wins face-off versus Derek Stepan in Ducks zone.
Goals for this period are 0 for Blues vs 2 for Ducks.
Shots for this period are 12 for Blues vs 13 for Ducks.

2nd period


0:01 of 2nd period - Jack Eichel wins face-off versus Derek Stepan in neutral zone.
0:12 of 2nd period - Shot by Luke Kunin.
0:12 of 2nd period - Shot Misses the Net.
0:14 of 2nd period - Shot by Luke Kunin.
0:14 of 2nd period - Stopped by Carter Hart without a rebound.
0:15 of 2nd period - Sean Couturier wins face-off versus Marcus Johansson in Blues zone.
0:51 of 2nd period - Shot by Sean Couturier.
0:51 of 2nd period - Shot Misses the Net.
0:53 of 2nd period - Shot by Sean Couturier.
0:53 of 2nd period - Shot Misses the Net.
0:57 of 2nd period - Shot by Sean Couturier.
0:57 of 2nd period - Shot Misses the Net.
1:35 of 2nd period - Shot by Jack Eichel.
1:35 of 2nd period - Stopped by Antti Raanta without a rebound.
1:36 of 2nd period - Derek Stepan wins face-off versus Christian Dvorak in Ducks zone.
2:10 of 2nd period - Shot by Anders Lee.
2:10 of 2nd period - Shot Misses the Net.
2:12 of 2nd period - Shot by Derek Stepan.
2:12 of 2nd period - Stopped by Carter Hart without a rebound.
2:13 of 2nd period - Jack Eichel wins face-off versus Kyle Turris in Blues zone.
2:22 of 2nd period - Tyler Ennis is hit by Mikko Rantanen and loses puck.
2:39 of 2nd period - Shot by Kyle Turris.
2:39 of 2nd period - Stopped by Carter Hart with a rebound.
2:41 of 2nd period - Shot by Kyle Turris.
2:41 of 2nd period - Stopped by Carter Hart without a rebound.
2:42 of 2nd period - Jacob de La Rose wins face-off versus Sean Couturier in Blues zone.
2:48 of 2nd period - Shot by Jacob de La Rose.
2:48 of 2nd period - Stopped by Carter Hart with a rebound.
3:01 of 2nd period - Shot by Jacob de La Rose.
3:01 of 2nd period - Shot Misses the Net.
3:03 of 2nd period - Shot by Nick Ritchie.
3:03 of 2nd period - Shot Blocked by Ryan Pulock.
3:05 of 2nd period - Shot by Calvin de Haan.
3:05 of 2nd period - Goal by Calvin de Haan - Blues : 0 - Ducks : 3.
3:06 of 2nd period - Derek Stepan wins face-off versus Jack Eichel in neutral zone.
3:21 of 2nd period - Dougie Hamilton is hit by Anders Lee and loses puck.
4:10 of 2nd period - Derek Forbort is hit by P.K. Subban and loses puck.
4:24 of 2nd period - Shot by Sean Couturier.
4:24 of 2nd period - Stopped by Antti Raanta without a rebound.
4:25 of 2nd period - Kyle Turris wins face-off versus Jordan Staal in Ducks zone.
4:25 of 2nd period - Kyle Turris is hit by Martin Necas.
5:01 of 2nd period - Off-side.
5:02 of 2nd period - Derek Stepan wins face-off versus Sean Couturier in neutral zone.
5:17 of 2nd period - Shot by Joakim Ryan.
5:17 of 2nd period - Stopped by Carter Hart with a rebound.
5:37 of 2nd period - Shot by Sean Couturier.
5:37 of 2nd period - Shot Misses the Net.
5:39 of 2nd period - Shot by Sean Couturier.
5:39 of 2nd period - Stopped by Antti Raanta with a rebound.
5:41 of 2nd period - Shot by Josh Bailey.
5:41 of 2nd period - Goal by Josh Bailey - Blues : 1 - Ducks : 3.
5:42 of 2nd period - Marcus Johansson wins face-off versus Jack Eichel in neutral zone.
5:44 of 2nd period - Minor Penalty to Dougie Hamilton for Hooking.
5:45 of 2nd period - Brandon Sutter wins face-off versus Jack Eichel in Blues zone.
6:02 of 2nd period - Seth Jones is hit by Marcus Johansson and loses puck.
6:09 of 2nd period - Shot by Calvin de Haan.
6:09 of 2nd period - Stopped by Carter Hart with a rebound.
6:11 of 2nd period - Shot by Josh Manson.
6:11 of 2nd period - Shot Misses the Net.
6:13 of 2nd period - Shot by Brandon Sutter.
6:13 of 2nd period - Stopped by Carter Hart with a rebound.
6:15 of 2nd period - Shot by Brandon Sutter.
6:15 of 2nd period - Shot Blocked by Seth Jones.
6:23 of 2nd period - Shot by Brandon Sutter.
6:23 of 2nd period - Shot Misses the Net.
7:28 of 2nd period - Colin Miller is hit by Calvin de Haan and loses puck.
8:07 of 2nd period - Shot by Christian Dvorak.
8:07 of 2nd period - Shot Misses the Net.
8:21 of 2nd period - Shot by Tyler Ennis.
8:21 of 2nd period - Stopped by Carter Hart with a rebound.
8:34 of 2nd period - Icing by Seth Jones.
8:35 of 2nd period - Jacob de La Rose wins face-off versus Christian Dvorak in Blues zone.
8:47 of 2nd period - Dougie Hamilton is hit by Nick Ritchie.
9:12 of 2nd period - Dougie Hamilton is hit by Derek Forbort and loses puck.
9:34 of 2nd period - Off-side.
9:35 of 2nd period - Sean Couturier wins face-off versus Derek Stepan in neutral zone.
9:51 of 2nd period - Shot by Anders Lee.
9:51 of 2nd period - Stopped by Carter Hart with a rebound.
9:59 of 2nd period - Shot by Luke Kunin.
9:59 of 2nd period - Shot Misses the Net.
10:41 of 2nd period - Shot by Jack Eichel.
10:41 of 2nd period - Stopped by Antti Raanta without a rebound.
10:42 of 2nd period - Jack Eichel wins face-off versus Kyle Turris in Ducks zone.
10:51 of 2nd period - Shot by Mikko Rantanen.
10:51 of 2nd period - Shot Blocked by Joakim Ryan.
10:55 of 2nd period - Shot by Mikko Rantanen.
10:55 of 2nd period - Stopped by Antti Raanta without a rebound.
10:56 of 2nd period - Marcus Johansson wins face-off versus Jordan Staal in Ducks zone.
10:56 of 2nd period - Marcus Johansson is hit by Jordan Staal.
11:08 of 2nd period - Shot by Marcus Johansson.
11:08 of 2nd period - Stopped by Carter Hart without a rebound.
11:09 of 2nd period - Kyle Turris wins face-off versus Jack Eichel in Blues zone.
11:12 of 2nd period - Shot by Kyle Turris.
11:12 of 2nd period - Stopped by Carter Hart without a rebound.
11:13 of 2nd period - Marcus Johansson wins face-off versus Anthony Mantha in Blues zone.
11:31 of 2nd period - Shot by Marcus Johansson.
11:31 of 2nd period - Goal by Marcus Johansson - Blues : 1 - Ducks : 4.
11:32 of 2nd period - Sean Couturier wins face-off versus Anders Lee in neutral zone.
11:47 of 2nd period - Luke Kunin is hit by Dougie Hamilton and loses puck.
12:42 of 2nd period - P.K. Subban is hit by Luke Kunin and loses puck.
12:51 of 2nd period - T.J. Brodie is hit by Anthony Mantha and loses puck.
13:08 of 2nd period - Shot by Jack Eichel.
13:08 of 2nd period - Shot Blocked by Luke Kunin.
13:10 of 2nd period - Shot by Ryan Pulock.
13:10 of 2nd period - Shot Misses the Net.
13:12 of 2nd period - Shot by Jack Eichel.
13:12 of 2nd period - Stopped by Antti Raanta with a rebound.
13:14 of 2nd period - Shot by P.K. Subban.
13:14 of 2nd period - Stopped by Antti Raanta without a rebound.
13:15 of 2nd period - Marcus Johansson wins face-off versus Jordan Staal in Ducks zone.
13:15 of 2nd period - Marcus Johansson is hit by Miles Wood.
13:21 of 2nd period - Shot by Marcus Johansson.
13:21 of 2nd period - Shot Blocked by Colin Miller.
13:23 of 2nd period - Shot by Artem Anisimov.
13:23 of 2nd period - Shot Misses the Net.
13:46 of 2nd period - Marcus Johansson is hit by Colin Miller.
15:12 of 2nd period - Shot by Mikko Rantanen.
15:12 of 2nd period - Shot Misses the Net.
15:33 of 2nd period - Mikko Rantanen is hit by Anders Lee and loses puck.
16:07 of 2nd period - Icing by T.J. Brodie.
16:08 of 2nd period - Sean Couturier wins face-off versus Jacob de La Rose in Ducks zone.
16:19 of 2nd period - Shot by Sean Couturier.
16:19 of 2nd period - Shot Blocked by Anders Lee.
17:22 of 2nd period - Shot by Martin Necas.
17:22 of 2nd period - Shot Misses the Net.
17:27 of 2nd period - Icing by Marcus Johansson.
17:28 of 2nd period - Marcus Johansson wins face-off versus Christian Dvorak in Ducks zone.
17:35 of 2nd period - Icing by Michael Chaput.
17:36 of 2nd period - Christian Dvorak wins face-off versus Derek Stepan in Blues zone.
17:45 of 2nd period - Shot by Christian Dvorak.
17:45 of 2nd period - Shot Misses the Net.
17:47 of 2nd period - Shot by Michael Chaput.
17:47 of 2nd period - Stopped by Antti Raanta without a rebound.
17:48 of 2nd period - Kyle Turris wins face-off versus Mikko Rantanen in Ducks zone.
17:48 of 2nd period - Kyle Turris is hit by Mikko Rantanen.
17:58 of 2nd period - Shot by Tyler Ennis.
17:58 of 2nd period - Shot Misses the Net.
18:10 of 2nd period - Shot by Kyle Turris.
18:10 of 2nd period - Deflect By Tyler Ennis.
18:10 of 2nd period - Shot Misses the Net.
18:12 of 2nd period - Shot by Kyle Turris.
18:12 of 2nd period - Shot Blocked by Ryan Pulock.
18:14 of 2nd period - Shot by Josh Manson.
18:14 of 2nd period - Shot Misses the Net.
18:16 of 2nd period - Shot by Calvin de Haan.
18:16 of 2nd period - Shot Blocked by P.K. Subban.
18:30 of 2nd period - Shot by Nick Ritchie.
18:30 of 2nd period - Stopped by Carter Hart without a rebound.
18:31 of 2nd period - Sean Couturier wins face-off versus Marcus Johansson in Blues zone.
18:33 of 2nd period - Dougie Hamilton is hit by Marcus Johansson.
18:55 of 2nd period - Shot by Johnny Gaudreau.
18:55 of 2nd period - Stopped by Antti Raanta without a rebound.
18:56 of 2nd period - Derek Stepan wins face-off versus Jordan Staal in Ducks zone.
18:56 of 2nd period - Derek Stepan is hit by Jordan Staal.
19:06 of 2nd period - Shot by Luke Kunin.
19:06 of 2nd period - Shot Blocked by Colin Miller.
19:08 of 2nd period - Shot by Joakim Ryan.
19:08 of 2nd period - Stopped by Carter Hart with a rebound.
19:10 of 2nd period - Shot by Derek Stepan.
19:10 of 2nd period - Shot Hit the Post.
19:12 of 2nd period - Shot by Luke Schenn.
19:12 of 2nd period - Shot Blocked by MacKenzie Weegar.
Goals for this period are 1 for Blues vs 2 for Ducks.
Shots for this period are 10 for Blues vs 16 for Ducks.

3rd period


0:01 of 3rd period - Derek Stepan wins face-off versus Mikko Rantanen in neutral zone.
0:08 of 3rd period - Shot by Luke Kunin.
0:08 of 3rd period - Stopped by Carter Hart with a rebound.
0:36 of 3rd period - Dougie Hamilton is hit by Anders Lee and loses puck.
0:46 of 3rd period - Off-side.
0:47 of 3rd period - Marcus Johansson wins face-off versus Sean Couturier in neutral zone.
0:56 of 3rd period - Shot by Josh Bailey.
0:56 of 3rd period - Shot Misses the Net.
0:58 of 3rd period - Shot by Sean Couturier.
0:58 of 3rd period - Stopped by Antti Raanta without a rebound.
0:59 of 3rd period - Jordan Staal wins face-off versus Kyle Turris in Ducks zone.
1:40 of 3rd period - Tyler Ennis is hit by Jordan Staal and loses puck.
1:41 of 3rd period - Tyler Ennis from Ducks is injured at 1:41 of 3rd period (Bruised Left Shoulder).
1:42 of 3rd period - Derek Stepan wins face-off versus Jack Eichel in Ducks zone.
1:58 of 3rd period - Derek Stepan is hit by Anthony Mantha and loses puck.
2:04 of 3rd period - Mikko Rantanen is hit by Calvin de Haan and loses puck.
2:43 of 3rd period - Calvin de Haan is hit by Johnny Gaudreau and loses puck.
2:45 of 3rd period - Minor Penalty to Calvin de Haan for Hooking.
2:46 of 3rd period - Sean Couturier wins face-off versus Marcus Johansson in Ducks zone.
3:34 of 3rd period - Icing by Anthony Mantha.
3:35 of 3rd period - Jack Eichel wins face-off versus Derek Stepan in Blues zone.
3:43 of 3rd period - Icing by Dougie Hamilton.
3:44 of 3rd period - Jack Eichel wins face-off versus Derek Stepan in Blues zone.
3:54 of 3rd period - Shot by Mikko Rantanen.
3:54 of 3rd period - Deflect By Jack Eichel.
3:54 of 3rd period - Stopped by Antti Raanta with a rebound.
3:56 of 3rd period - Shot by Seth Jones.
3:56 of 3rd period - Shot Misses the Net.
3:58 of 3rd period - Shot by Seth Jones.
3:58 of 3rd period - Shot Misses the Net.
4:00 of 3rd period - Shot by Dougie Hamilton.
4:00 of 3rd period - Goal by Dougie Hamilton - Blues : 2 - Ducks : 4.
4:01 of 3rd period - Marcus Johansson wins face-off versus Martin Necas in neutral zone.
4:23 of 3rd period - Shot by Joakim Ryan.
4:23 of 3rd period - Stopped by Carter Hart without a rebound.
4:24 of 3rd period - Kyle Turris wins face-off versus Sean Couturier in Blues zone.
4:57 of 3rd period - Shot by Kyle Turris.
4:57 of 3rd period - Shot Misses the Net.
4:59 of 3rd period - Shot by T.J. Brodie.
4:59 of 3rd period - Shot Blocked by Seth Jones.
5:01 of 3rd period - Shot by T.J. Brodie.
5:01 of 3rd period - Shot Blocked by Johnny Gaudreau.
5:13 of 3rd period - Shot by Josh Manson.
5:13 of 3rd period - Stopped by Carter Hart without a rebound.
5:14 of 3rd period - Derek Stepan wins face-off versus Jack Eichel in Blues zone.
5:15 of 3rd period - Shot by Anders Lee.
5:15 of 3rd period - Goal by Anders Lee - Blues : 2 - Ducks : 5.
5:16 of 3rd period - Derek Stepan wins face-off versus Jack Eichel in neutral zone.
6:07 of 3rd period - Anders Lee is hit by Miles Wood and loses puck.
7:08 of 3rd period - Johnny Gaudreau is hit by Derek Forbort.
7:34 of 3rd period - Shot by Brandon Sutter.
7:34 of 3rd period - Stopped by Carter Hart with a rebound.
7:56 of 3rd period - Shot by Kyle Turris.
7:56 of 3rd period - Stopped by Carter Hart without a rebound.
7:57 of 3rd period - Jacob de La Rose wins face-off versus Jack Eichel in Blues zone.
7:58 of 3rd period - Shot by Jack Roslovic.
7:58 of 3rd period - Stopped by Carter Hart without a rebound.
7:59 of 3rd period - Kyle Turris wins face-off versus Jack Eichel in Blues zone.
7:59 of 3rd period - Kyle Turris is hit by P.K. Subban.
8:01 of 3rd period - Shot by Brett Connolly.
8:01 of 3rd period - Deflect By Kyle Turris.
8:01 of 3rd period - Stopped by Carter Hart without a rebound.
8:02 of 3rd period - Jack Eichel wins face-off versus Kyle Turris in Blues zone.
8:02 of 3rd period - Jack Eichel is hit by Jacob de La Rose.
8:08 of 3rd period - Shot by Kyle Turris.
8:08 of 3rd period - Deflect By Brett Connolly.
8:08 of 3rd period - Stopped by Carter Hart without a rebound.
8:09 of 3rd period - Marcus Johansson wins face-off versus Mikko Rantanen in Blues zone.
8:16 of 3rd period - Shot by Brandon Sutter.
8:16 of 3rd period - Shot Misses the Net.
8:27 of 3rd period - Shot by Jack Eichel.
8:27 of 3rd period - Shot Misses the Net.
9:37 of 3rd period - Shot by Josh Bailey.
9:37 of 3rd period - Stopped by Antti Raanta with a rebound.
9:59 of 3rd period - Shot by Miles Wood.
9:59 of 3rd period - Shot Blocked by T.J. Brodie.
10:01 of 3rd period - Shot by Jordan Staal.
10:01 of 3rd period - Deflect By Martin Necas.
10:01 of 3rd period - Shot Blocked by Derek Forbort.
10:03 of 3rd period - Shot by Miles Wood.
10:03 of 3rd period - Shot Misses the Net.
10:05 of 3rd period - Shot by Jordan Staal.
10:05 of 3rd period - Shot Misses the Net.
10:09 of 3rd period - Shot by Miles Wood.
10:09 of 3rd period - Deflect By Jordan Staal.
10:09 of 3rd period - Stopped by Antti Raanta without a rebound.
10:10 of 3rd period - Derek Stepan wins face-off versus Michael Chaput in Ducks zone.
10:10 of 3rd period - Derek Stepan is hit by Drake Batherson.
11:11 of 3rd period - Shot by Jack Roslovic.
11:11 of 3rd period - Stopped by Carter Hart without a rebound.
11:12 of 3rd period - Jack Eichel wins face-off versus Kyle Turris in Blues zone.
11:19 of 3rd period - Jacob de La Rose is hit by Anthony Mantha and loses puck.
11:30 of 3rd period - Dougie Hamilton is hit by Brett Connolly.
11:33 of 3rd period - Mikko Rantanen is hit by Brett Connolly and loses puck.
12:08 of 3rd period - Shot by Derek Stepan.
12:08 of 3rd period - Stopped by Carter Hart without a rebound.
12:09 of 3rd period - Sean Couturier wins face-off versus Jacob de La Rose in Blues zone.
12:09 of 3rd period - Sean Couturier is hit by Nick Ritchie.
12:10 of 3rd period - Sean Couturier from Blues is injured at 12:10 of 3rd period (Sprained Left Knee).
12:11 of 3rd period - Kyle Turris wins face-off versus Christian Dvorak in Blues zone.
13:09 of 3rd period - Johnny Gaudreau is hit by Luke Schenn and loses puck.
13:33 of 3rd period - Off-side.
13:34 of 3rd period - Jack Eichel wins face-off versus Marcus Johansson in neutral zone.
13:43 of 3rd period - Shot by Jack Eichel.
13:43 of 3rd period - Deflect By Mikko Rantanen.
13:43 of 3rd period - Shot Misses the Net.
13:45 of 3rd period - Shot by Dougie Hamilton.
13:45 of 3rd period - Shot Misses the Net.
13:47 of 3rd period - Shot by Dougie Hamilton.
13:47 of 3rd period - Stopped by Antti Raanta without a rebound.
13:48 of 3rd period - Derek Stepan wins face-off versus Jordan Staal in Ducks zone.
13:48 of 3rd period - Luke Kunin is hit by Jordan Staal and loses puck.
14:09 of 3rd period - Minor Penalty to P.K. Subban for High sticking.
14:10 of 3rd period - Marcus Johansson wins face-off versus Jack Eichel in Blues zone.
14:47 of 3rd period - Shot by Artem Anisimov.
14:47 of 3rd period - Deflect By Marcus Johansson.
14:47 of 3rd period - Shot Misses the Net.
14:49 of 3rd period - Shot by Josh Manson.
14:49 of 3rd period - Stopped by Carter Hart without a rebound.
14:50 of 3rd period - Jack Eichel wins face-off versus Derek Stepan in Blues zone.
15:01 of 3rd period - Shot by Luke Kunin.
15:01 of 3rd period - Shot Misses the Net.
15:15 of 3rd period - Luke Kunin is hit by MacKenzie Weegar and loses puck.
15:18 of 3rd period - Shot by T.J. Brodie.
15:18 of 3rd period - Goal by T.J. Brodie - Blues : 2 - Ducks : 6.
15:19 of 3rd period - Johnny Gaudreau wins face-off versus Kyle Turris in neutral zone.
15:23 of 3rd period - Minor Penalty to Johnny Gaudreau for Interference.
15:24 of 3rd period - Jack Eichel wins face-off versus Marcus Johansson in Blues zone.
15:24 of 3rd period - Jack Eichel is hit by Artem Anisimov.
15:48 of 3rd period - Shot by Artem Anisimov.
15:48 of 3rd period - Shot Misses the Net.
15:50 of 3rd period - Shot by Artem Anisimov.
15:50 of 3rd period - Shot Misses the Net.
16:09 of 3rd period - Icing by Brandon Sutter.
16:10 of 3rd period - Marcus Johansson wins face-off versus Jack Eichel in Ducks zone.
16:27 of 3rd period - Shot by T.J. Brodie.
16:27 of 3rd period - Stopped by Carter Hart without a rebound.
16:28 of 3rd period - Jack Eichel wins face-off versus Derek Stepan in Blues zone.
16:39 of 3rd period - Dougie Hamilton is hit by Derek Stepan and loses puck.
17:52 of 3rd period - Shot by Brett Connolly.
17:52 of 3rd period - Shot Blocked by Colin Miller.
17:54 of 3rd period - Shot by Jacob de La Rose.
17:54 of 3rd period - Shot Misses the Net.
17:56 of 3rd period - Shot by Kyle Turris.
17:56 of 3rd period - Deflect By Jacob de La Rose.
17:56 of 3rd period - Shot Misses the Net.
17:58 of 3rd period - Shot by Jacob de La Rose.
17:58 of 3rd period - Shot Misses the Net.
18:33 of 3rd period - Minor Penalty to Josh Manson for Hooking.
18:34 of 3rd period - Derek Stepan wins face-off versus Jack Eichel in Ducks zone.
18:53 of 3rd period - Shot by Seth Jones.
18:53 of 3rd period - Shot Misses the Net.
18:55 of 3rd period - Shot by Jack Eichel.
18:55 of 3rd period - Deflect By Mikko Rantanen.
18:55 of 3rd period - Stopped by Antti Raanta with a rebound.
18:57 of 3rd period - Shot by Seth Jones.
18:57 of 3rd period - Stopped by Antti Raanta without a rebound.
18:58 of 3rd period - Derek Stepan wins face-off versus Miles Wood in Ducks zone.
19:07 of 3rd period - Shot by Johnny Gaudreau.
19:07 of 3rd period - Shot Blocked by Calvin de Haan.
19:44 of 3rd period - Shot by Anthony Mantha.
19:44 of 3rd period - Shot Blocked by Calvin de Haan.
19:46 of 3rd period - Shot by Dougie Hamilton.
19:46 of 3rd period - Stopped by Antti Raanta without a rebound.
19:47 of 3rd period - Derek Stepan wins face-off versus Jack Eichel in Ducks zone.
Goals for this period are 1 for Blues vs 2 for Ducks.
Shots for this period are 9 for Blues vs 14 for Ducks.